 Dungeon Crawl Stone Soup version 0.30-a0-424-g7412bad402 (webtiles) character file.

Game seed: 12608285521577510025

35 McMuffin the Grasshopper (level 3, 0/27 HPs)
             Began as a Demonspawn Warper on Dec 9, 2022.
             Slain by a hobgoblin (3 damage)
             ... on level 1 of the Dungeon.
             The game lasted 00:04:35 (579 turns).

McMuffin the Grasshopper (Demonspawn Warper)         Turns: 579, Time: 00:04:36

Health: 0/27       AC:  5    Str: 11    XL:     3   Next: 16%
Magic:  4/6        EV: 12    Int: 14    God:
Gold:   30         SH:  0    Dex: 14    Spells: 4/6 levels left

rFire   . . .      SeeInvis .    a - +0 falchion
rCold   . . .      Faith    .    (no shield)
rNeg    . . .      Spirit   .    b - +0 leather armour
rPois   .          Reflect  .    (no helmet)
rElec   .          Harm     .    (no cloak)
rCorr   .          Rampage  .    (no gloves)
Will    .....                    (no boots)
Stlth   +.........               (no amulet)
HPRegen 0.24/turn                (no ring)
MPRegen 0.10/turn                (no ring)

@: on blink cooldown
A: molten scales 1
a: no special abilities


You were on level 1 of the Dungeon.
You visited 1 branch of the dungeon, and saw 1 of its levels.

You collected 30 gold pieces.

Inventory:

Hand Weapons
 a - a +0 falchion (weapon)
Missiles
 d - 7 boomerangs of dispersal
Armour
 b - a +0 leather armour (worn)
Scrolls
 c - 2 scrolls of blinking
 f - a scroll of noise {unknown}
Potions
 e - a potion of resistance {unknown}


   Skills:
 + Level 2.2 Fighting
 + Level 2.1 Long Blades
 + Level 0.8 Throwing
 + Level 1.1 Armour
 + Level 2.0 Dodging
 + Level 2.1 Spellcasting
 + Level 3.2 Translocations


You had 4 spell levels left.
You knew the following spells:

 Your Spells              Type           Power      Damage    Failure   Level
a - Blink                 Tloc           20%        N/A       13%         2

Your spell library contained the following spells:

 Spells                   Type           Power      Damage    Failure   Level
 Lesser Beckoning         Tloc           20%        N/A       26%         3
 Teleport Other           Tloc           10%        N/A       26%         3
 Vhi's Electric Charge    Tloc/Air       10%        N/A       43%         3
 Manifold Assault         Tloc           10%        N/A       63%         4


Dungeon Overview and Level Annotations

Branches:
Dungeon (1/15)

Altars:


Innate Abilities, Weirdness & Mutations

You are partially covered in molten scales. (AC +2)


Message History

You are frozen.
The frilled lizard bites you but does no damage.
You closely miss the frilled lizard. The endoplasm freezes you.
You are frozen.
The frilled lizard barely misses you.
You closely miss the frilled lizard. The endoplasm freezes you.
You are frozen.
The frilled lizard bites you but does no damage.
You hit the frilled lizard.
You kill the frilled lizard!
The endoplasm freezes you.
You are frozen.
The rat misses you. The endoplasm freezes you.
You are frozen.
* * * LOW HITPOINT WARNING * * *
Throw: 7 boomerangs (disperse)
Press: ? - help, Q - select action, (/) - cycle Shift-Dir - straight line, f - endoplasm
Aim: an endoplasm (86% to hit)
Okay, then.
Casting: Blink (safe; 13% risk of failure)
Press: ? - help, Q - select action, (/) - cycle Dir - look around, f - activate You blink.
A kobold comes into view. It is wielding a +0 club.
The kobold shouts!
A goblin comes into view. It is wielding a +0 club.
Found an emerald potion.
The goblin shouts!
You hit the endoplasm.
The endoplasm is severely wounded.
The endoplasm freezes you.
You are frozen.
* * * LOW HITPOINT WARNING * * *
You hit the endoplasm.
You kill the endoplasm!
The rat barely misses you. 2 ball pythons come into view.
The ball python hisses angrily.
The hobgoblin hits you.
You die...

# #. # #. .#. .
# #.# ..##.S #
#.. .....S # !g
#..... # #.
##.K.. #
#.###..# #
#..@g..## #
###r##).# #
#.###'## #
#......#
###..).#####
#..†.'...# ####
#....###.####...
#....# #........
###### #........


You could see a hobgoblin, 2 ball pythons, a kobold and a rat.

Vanquished Creatures
  A dart slug (D:1)
  4 bats (D:1)
  4 endoplasms (D:1)
  3 giant cockroaches (D:1)
  A goblin (D:1)
  3 hobgoblins (D:1)
  4 jackals (D:1)
  2 kobolds (D:1)
  2 quokkas (D:1)
  2 frilled lizards (D:1)
  A rat (D:1)
27 creatures vanquished.

Notes
Turn   | Place    | Note
-------+----------+-------------------------------------------
     0 | D:1      | McMuffin the Demonspawn Warper began the quest for the Orb.
     0 | D:1      | Reached XP level 1. HP: 16/16 MP: 3/3
     2 | D:1      | Noticed a tengu
     2 | D:1      | Noticed an ogre
     4 | D:1      | Noticed a merfolk
     4 | D:1      | Noticed an armataur
     6 | D:1      | Noticed a naga
     6 | D:1      | Noticed a ghoul
     8 | D:1      | Noticed a felid
     8 | D:1      | Noticed a meteoran
    10 | D:1      | Noticed a spriggan
    10 | D:1      | Noticed an octopode
    12 | D:1      | Noticed a minotaur
    12 | D:1      | Noticed a troll
    14 | D:1      | Noticed a demonspawn
    16 | D:1      | Noticed an elf
    16 | D:1      | Noticed a formicid
    18 | D:1      | Noticed a demigod
    18 | D:1      | Noticed a vampire
    20 | D:1      | Noticed a vine stalker
    22 | D:1      | Noticed a gargoyle
    24 | D:1      | Noticed a draconian
    24 | D:1      | Noticed a ghoul
    26 | D:1      | Noticed a naga
    26 | D:1      | Noticed an elf
    78 | D:1      | Reached skill level 3 in Translocations
   114 | D:1      | Gained mutation: You are partially covered in molten
                  | scales. (AC +2) [demonic ancestry]
   114 | D:1      | Reached XP level 2. HP: 20/22 MP: 5/5
   322 | D:1      | Learned a level 2 spell: Blink
   337 | D:1      | Reached skill level 1 in Armour
   356 | D:1      | Reached XP level 3. HP: 23/27 MP: 6/6
   579 | D:1      | Slain by a hobgoblin

Illustrated notes

Levels and vault maps discovered:
D:1:      kb_arrival_jail, layout_basic, hangedman_decor_peaks_small,
          minmay_bisected

Skill      XL: |  1  2  3 |
---------------+----------+-----
Translocations | 3 |  3.2
Long Blades    | 2 |  2.1
Armour         | 1 |  1.1
Dodging        | 2 |  2.0
Fighting       | |  2.2
Throwing       | |  0.8
Spellcasting   | |  2.1

Action                   || total
-------------------------++-------
Melee: Falchion          ||   106
 Cast: Blink             ||     1
Armor: Leather armour    ||    53
Dodge: Dodged            ||    68

Table legend: (Time is in decaauts)
 A = Elapsed time spent in this place.
 B = Non-inter-level travel time spent in this place.
 C = Inter-level travel time spent in this place.
 D = Time resting spent in this place.
 E = Time spent auto-exploring this place.
 F = Levels seen in this place.
 G = Mean time per level.
                   A        B        C        D        E       F      G
               +--------+--------+--------+--------+--------+-----+--------+
         Total |    600 |    600 |      0 |     69 |      0 |   1 |  600.0 |
       Dungeon |    600 |    600 |      0 |     69 |      0 |   1 |  600.0 |
               +--------+--------+--------+--------+--------+-----+--------+

Top non-repeatable levels by time:
     D:1: 600 daAuts
